[Event "Titled Tuesday Blitz August 09 Early 2022"]
[White "Rios Escobar, Adan"]
[Black "Samunenkov, Ihor"]
[WhiteFideId "3403645"]
[BlackFideId "14187086"]
[WhiteElo "2399"]
[BlackElo "2441"]
[Result "0-1"]
[Round "01"]
[TimeControl "180+1"]
[Date "2022.08.09"]
[WhiteClock "0:00:04"]
[BlackClock "0:00:05"]

1. d4 d5 2. g3 c5 3. Nf3 cxd4 4. Bg2 Nf6 5. O-O h6 6. b3 e6 7. Bb2 Bc5 8. Nxd4 e5 9. Nf3 e4 10. Nd4 O-O 11. e3 Nbd7 12. c4 Ne5 13. h3 dxc4 14. Nd2 cxb3 15. N4xb3 Bd6 16. Kh2 Bf5 17. Nd4 Bh7 18. Qa4 a6 19. Rfd1 Qe7 20. Kg1 Nd3 21. Bc3 Rac8 22. Ne2 Rfe8 23. Rab1 Nd5 24. Ba1 f5 25. Qb3 Qf7 26. Qxb7 Rc7 27. Qxa6 Rec8 28. Qa4 h5 29. h4 Nf6 30. Qd4 Be5 31. Qa4 Bxa1 32. Rxa1 Ng4 33. Nxe4 fxe4 34. Bxe4 Ndxf2 35. Bxh7+ Kxh7 36. Rd4 Qf3 37. Rf4 Qh1# 0-1


[Site "https://www.chess.com"]

[Event "Titled Tuesday Blitz August 09 Early 2022"]
[White "Rohith Krishna S"]
[Black "Garagulya, Konstantin"]
[WhiteFideId "46617051"]
[BlackFideId "4128931"]
[WhiteElo "2118"]
[BlackElo "2329"]
[Result "1-0"]
[Round "01"]
[TimeControl "180+1"]
[Date "2022.08.09"]
[WhiteClock "0:00:20"]
[BlackClock "0:00:03"]

1. Nf3 Nf6 2. c4 e6 3. d4 d5 4. g3 Bb4+ 5. Bd2 a5 6. Bg2 dxc4 7. Qc2 b5 8. a4 c6 9. axb5 Bxd2+ 10. Nbxd2 cxb5 11. b3 cxb3 12. Qxb3 b4 13. O-O O-O 14. Ne5 Ra6 15. e3 Nd5 16. Ne4 Nd7 17. Nxd7 Bxd7 18. Nc5 Ra7 19. Bxd5 exd5 20. Qxd5 Bb5 21. Qxd8 Rxd8 22. Rfb1 Rda8 23. Rb2 Kf8 24. f3 Ke7 25. Kf2 Kd6 26. e4 f6 27. Ke3 Bc6 28. Nd3 Bb5 29. Nc5 Bc6 30. Rc1 Rb8 31. d5 Be8 32. Kd4 a4 33. f4 a3 34. e5+ Ke7 35. d6+ Kf8 36. Rb3 a2 37. Ra1 Rb6 38. Kd5 Bc6+ 39. Kc4 Bb5+ 40. Kd4 Be8 41. Nd3 Bf7 42. Rxb4 Rxb4+ 43. Nxb4 Ra4 44. Kc5 Ra3 45. Nc6 Rc3+ 46. Kb6 Ke8 47. Kc7 Be6 48. exf6 gxf6 49. Re1 Kf7 50. d7 Bxd7 51. Kxd7 Rc2 52. h4 h5 53. Ra1 Rd2+ 54. Kc7 Ke6 55. Nb4 Kf5 56. Rxa2 Rxa2 57. Nxa2 Kg4 58. Nc3 Kxg3 59. Nd5 Kxh4 60. Nxf6 Kg3 61. Nxh5+ Kg4 62. Kd6 Kxh5 63. f5 Kh6 64. f6 Kg6 65. Ke7 1-0


[Site "https://www.chess.com"]

[Event "Titled Tuesday Blitz August 09 Early 2022"]
[White "Ronka, Erik"]
[Black "Xu, Yi"]
[WhiteFideId "505080"]
[BlackFideId "8605564"]
[WhiteElo "2264"]
[BlackElo "2471"]
[Result "1-0"]
[Round "01"]
[TimeControl "180+1"]
[Date "2022.08.09"]
[WhiteClock "0:00:03"]
[BlackClock "0:00:01"]

1. e4 c5 2. Nf3 d6 3. d4 cxd4 4. Nxd4 Nf6 5. Nc3 a6 6. Be3 e5 7. Nb3 Be6 8. f3 h5 9. Nd5 Bxd5 10. exd5 Nbd7 11. Qd2 g6 12. O-O-O Nb6 13. Kb1 Nbxd5 14. Bg5 Be7 15. Bd3 Qc7 16. Rhe1 Nb6 17. h4 O-O-O 18. f4 Rhe8 19. f5 Rg8 20. fxg6 fxg6 21. Rf1 Nbd7 22. Qe2 d5 23. Qe1 Rdf8 24. c4 Kb8 25. cxd5 Nxd5 26. Bc1 Rxf1 27. Bxf1 N5f6 28. a3 Nc5 29. Nxc5 Bxc5 30. Bg5 Ng4 31. Bc4 Re8 32. Qe4 Qb6 33. Rd2 Bxa3 34. Bf7 Rc8 35. Qxg6 Qb4 36. Qd3 e4 37. Qd4 Qxd4 38. Rxd4 Bc5 39. Rxe4 Nf2 40. Re6 Nd3 41. Bxh5 Bd4 42. Rd6 Rc4 43. Bf7 Rb4 44. Kc2 Nc5 45. Bf4 Rxb2+ 46. Kd1 Rb1+ 47. Kc2 Rb2+ 48. Kc1 Ka7 49. Kd1 1-0


[Site "https://www.chess.com"]

[Event "Titled Tuesday Blitz August 09 Early 2022"]
[White "Rosenberg, Evan S"]
[Black "Agasarov, Benik"]
[WhiteFideId "2019299"]
[BlackFideId "13314823"]
[WhiteElo "2416"]
[BlackElo "2152"]
[Result "0-1"]
[Round "01"]
[TimeControl "180+1"]
[Date "2022.08.09"]
[WhiteClock "0:00:01"]
[BlackClock "0:02:08"]

1. e4 e5 2. Bc4 Nf6 3. d3 c6 4. Nf3 d5 5. Bb3 Bb4+ 6. c3 Bd6 7. O-O O-O 8. Bg5 Be6 9. d4 Nbd7 10. exd5 Bxd5 11. Bxd5 cxd5 12. dxe5 Nxe5 13. Nxe5 Bxe5 14. Qf3 Qd6 15. h3 Ne4 16. Be3 f5 17. Nd2 f4 18. Nxe4 dxe4 19. Qxe4 fxe3 20. fxe3 Qe7 21. Qd5+ Kh8 22. Rad1 h6 23. a4 Qg5 24. Rf3 Rxf3 25. Qxf3 Re8 26. Rd5 Qe7 27. Qf5 Bb8 28. Rd3 Rf8 0-1


[Site "https://www.chess.com"]

[Event "Titled Tuesday Blitz August 09 Early 2022"]
[White "Rostomyan, Mikayel"]
[Black "Sohier, Julien"]
[WhiteFideId "13313754"]
[BlackFideId "645346"]
[WhiteElo "1426"]
[BlackElo "2209"]
[Result "1/2-1/2"]
[Round "01"]
[TimeControl "180+1"]
[Date "2022.08.09"]
[WhiteClock "0:00:17"]
[BlackClock "0:00:40"]

1. Nf3 d5 2. e3 Nf6 3. c4 c6 4. Nc3 g6 5. b3 Bg7 6. Bb2 O-O 7. Be2 Ne4 8. Qc1 Nxc3 9. Bxc3 Bxc3 10. Qxc3 Nd7 11. O-O Nf6 12. d3 Bg4 13. Rad1 Bxf3 14. Bxf3 e6 15. d4 a5 16. a3 Ne4 17. Bxe4 dxe4 18. Rd2 Qh4 19. Rfd1 Rfd8 20. h3 Qf6 21. Qc2 Qe7 22. Qb2 h5 23. b4 axb4 24. axb4 Ra4 25. c5 Qd7 26. b5 cxb5 27. Rb1 b4 28. Qc2 Qc6 29. Qc4 b5 30. Qc1 Rda8 31. Rdb2 e5 32. Rxb4 Rxb4 33. Rxb4 exd4 34. exd4 Ra4 35. Qc3 Rxb4 36. Qxb4 h4 37. Qa5 Qd5 38. Qxb5 Qxd4 39. Qb8+ Kg7 40. c6 e3 41. fxe3 Qxe3+ 42. Kh2 f5 43. Qc7+ Kh6 44. Qd6 f4 45. Qd1 Qc5 46. Qf3 g5 47. Qe4 Qc3 48. Qe6+ Kh5 49. Qe8+ Kh6 50. Qe6+ Kh5 51. Qf7+ Kh6 52. Qf8+ Kh5 53. Qe8+ Kh6 54. Qe6+ 1/2-1/2


[Site "https://www.chess.com"]

[Event "Titled Tuesday Blitz August 09 Early 2022"]
[White "Sadykov, Ramil"]
[Black "Martinez Alcantara, Jose Eduardo"]
[WhiteFideId "24113590"]
[BlackFideId "3805662"]
[WhiteElo "2243"]
[BlackElo "2703"]
[Result "0-1"]
[Round "01"]
[TimeControl "180+1"]
[Date "2022.08.09"]
[WhiteClock "0:00:02"]
[BlackClock "0:00:30"]

1. e4 c5 2. Nf3 d6 3. Bb5+ Nd7 4. O-O a6 5. Be2 Ngf6 6. d3 g6 7. Re1 Bg7 8. Bf1 O-O 9. c3 Ne5 10. d4 Nxf3+ 11. Qxf3 Nd7 12. d5 b5 13. a4 Rb8 14. axb5 axb5 15. Na3 b4 16. Nc4 Ne5 17. Nxe5 Bxe5 18. Bd2 Bd7 19. Bc4 Bb5 20. Bxb5 Rxb5 21. Qd3 Rb7 22. cxb4 cxb4 23. Ra4 b3 24. Bc3 Bxc3 25. Qxc3 Qb8 26. Rc1 Rb5 27. g3 Rc5 28. Qe3 Rfc8 29. Rxc5 Rxc5 30. Ra3 Rb5 31. Kg2 f6 32. Qc3 Kf7 33. h4 h5 34. Qc4 Rb4 35. Qd3 Qb6 36. Kf3 Qb7 37. Qe3 f5 38. exf5 Qxd5+ 39. Ke2 Re4 0-1


[Site "https://www.chess.com"]

[Event "Titled Tuesday Blitz August 09 Early 2022"]
[White "Sailer, Mike"]
[Black "Dounis, Alexandros"]
[WhiteFideId "2012901"]
[BlackFideId "4213238"]
[WhiteElo "2109"]
[BlackElo "2204"]
[Result "0-1"]
[Round "01"]
[TimeControl "180+1"]
[Date "2022.08.09"]
[WhiteClock "0:00:02"]
[BlackClock "0:01:08"]

1. d4 Nf6 2. Nf3 g6 3. Bf4 Bg7 4. e3 O-O 5. Be2 b6 6. O-O Bb7 7. h3 d6 8. a4 a5 9. Nbd2 Nbd7 10. Re1 Ne4 11. c3 e5 12. Bh2 Qe7 13. Nxe4 Bxe4 14. Nd2 Bb7 15. Bf3 e4 16. Be2 f5 17. b4 Kh8 18. Nc4 d5 19. Nd2 axb4 20. c4 c5 21. cxd5 cxd4 22. exd4 Bxd5 23. Nc4 f4 24. Rc1 Qg5 25. Bg4 Nf6 26. Nxb6 h5 27. Nxd5 Nxd5 28. Be6 Nc3 29. Qb3 f3 30. g4 Ne2+ 31. Kf1 Nxc1 32. Qxb4 Nd3 33. Qd6 Qd2 34. Rb1 Qxf2# 0-1


[Site "https://www.chess.com"]

[Event "Titled Tuesday Blitz August 09 Early 2022"]
[White "Samant Aditya S"]
[Black "Grot, Blazej"]
[WhiteFideId "35080580"]
[BlackFideId "21835845"]
[WhiteElo "1968"]
[BlackElo "1614"]
[Result "1-0"]
[Round "01"]
[TimeControl "180+1"]
[Date "2022.08.09"]
[WhiteClock "0:01:24"]
[BlackClock "0:00:56"]

1. Nf3 Nf6 2. b3 e6 3. Bb2 d5 4. e3 c5 5. c4 a6 6. cxd5 exd5 7. d4 Nc6 8. Nbd2 Bf5 9. Be2 Bd6 10. O-O O-O 11. dxc5 Bxc5 12. a3 Rc8 13. b4 Bb6 14. Nb3 Re8 15. Rc1 Be4 16. Nc5 Bxc5 17. Rxc5 Qd6 18. Nd4 Nd7 19. Rc1 Nxd4 20. Qxd4 Qf6 21. Qxf6 gxf6 22. Bg4 f5 23. Be2 Nb6 24. Bd4 f4 25. Bxb6 fxe3 26. Bxe3 b5 27. Rxc8 Rxc8 28. Rc1 Re8 29. Bf3 Bxf3 30. gxf3 Kg7 31. Rc6 Re6 32. Rxe6 fxe6 33. Bd4+ Kf7 34. f4 Kg6 35. Kg2 Kf5 36. Kf3 h5 37. Be5 h4 38. h3 Kg6 39. Kg4 Kh6 40. Kxh4 Kg6 41. Kg4 Kh6 42. f5 exf5+ 43. Kxf5 Kh5 44. Ke6 Kh4 45. f4 1-0


[Site "https://www.chess.com"]

[Event "Titled Tuesday Blitz August 09 Early 2022"]
[White "Sammed Jaykumar, Shete"]
[Black "Fernandez Siles, Luis"]
[WhiteFideId "5073421"]
[BlackFideId "2209420"]
[WhiteElo "2239"]
[BlackElo "2211"]
[Result "0-1"]
[Round "01"]
[TimeControl "180+1"]
[Date "2022.08.09"]
[WhiteClock "0:00:07"]
[BlackClock "0:00:08"]

1. Nf3 Nf6 2. g3 g6 3. Bg2 Bg7 4. O-O O-O 5. c4 d6 6. d4 c6 7. Nc3 Qa5 8. a3 Qh5 9. h4 e5 10. dxe5 dxe5 11. Qc2 Be6 12. b3 Na6 13. Ng5 Bf5 14. e4 Bg4 15. f3 Bc8 16. Nh3 Nc5 17. Bg5 h6 18. g4 Bxg4 19. fxg4 Nxg4 20. Be7 Ne6 21. Bxf8 Bxf8 22. b4 Qxh4 23. Ne2 Nd4 24. Nxd4 exd4 25. Qe2 Qg3 26. Rf3 Qh2+ 27. Kf1 Ne3+ 28. Rxe3 dxe3 29. Rd1 Re8 30. Qxe3 Re6 31. Ng1 Rf6+ 32. Nf3 a5 33. e5 Rf5 34. c5 axb4 35. axb4 Be7 36. Rd7 Bh4 37. Rxb7 Qg3 38. Rb8+ Kg7 39. Ra8 Bg5 40. Qf2 Qf4 41. Kg1 Qc1+ 42. Bf1 Be3 43. Kg2 Bxf2 44. e6 Qb2 45. e7 Bxc5+ 46. Kh1 Bxe7 47. Bg2 Rh5+ 48. Kg1 Qc1+ 49. Kf2 Bg5 50. Kg3 Qf4+ 51. Kf2 Qe3+ 52. Kg3 Bf4+ 53. Kg4 f5# 0-1


[Site "https://www.chess.com"]

[Event "Titled Tuesday Blitz August 09 Early 2022"]
[White "Sanchez, Robert"]
[Black "Sokolovsky, Yahli"]
[WhiteFideId "2034360"]
[BlackFideId "2820242"]
[WhiteElo "2266"]
[BlackElo "1867"]
[Result "1-0"]
[Round "01"]
[TimeControl "180+1"]
[Date "2022.08.09"]
[WhiteClock "0:00:33"]
[BlackClock "0:00:03"]

1. e4 g6 2. d4 Bg7 3. Nc3 d6 4. Be3 a6 5. f3 b5 6. Qd2 Bb7 7. O-O-O Nd7 8. d5 Rc8 9. Kb1 c6 10. dxc6 Bxc6 11. Bd4 Ngf6 12. g4 O-O 13. h4 h5 14. Bh3 b4 15. Nd5 Bxd5 16. exd5 Qc7 17. gxh5 Nxh5 18. Bxg7 Kxg7 19. Ne2 Rb8 20. Rhg1 Ne5 21. Qe3 Qc5 22. Nd4 Kh7 23. Rg5 Qxd5 24. Rxh5+ gxh5 25. Qg5 e6 26. Qxh5+ Kg8 27. Bxe6 Qxd4 28. Rxd4 fxe6 29. Rxd6 Rf5 30. Qh6 Nf7 31. Qxe6 Re5 32. Qg4+ Kf8 33. Rd1 Rbe8 34. b3 Re2 35. Qxb4+ R8e7 36. h5 Rh2 37. Qb8+ Re8 38. Qxh2 1-0


[Site "https://www.chess.com"]

[Event "Titled Tuesday Blitz August 09 Early 2022"]
[White "Saveliev, Alexei"]
[Black "Rose, Felix"]
[WhiteFideId "24128546"]
[BlackFideId "5105722"]
[WhiteElo "2281"]
[BlackElo "2039"]
[Result "0-1"]
[Round "01"]
[TimeControl "180+1"]
[Date "2022.08.09"]
[WhiteClock "0:00:23"]
[BlackClock "0:00:43"]

1. c4 e6 2. Nc3 d5 3. cxd5 exd5 4. d4 c6 5. Nf3 Nf6 6. Qc2 Be7 7. Bg5 Nbd7 8. e3 h6 9. Bh4 Nh5 10. Bg3 Nxg3 11. hxg3 Bd6 12. Bd3 Nf6 13. a3 a5 14. Ne2 O-O 15. Nf4 Re8 16. O-O a4 17. Rac1 Ne4 18. Bxe4 Rxe4 19. Nd3 Bf5 20. Qd2 Re7 21. Nc5 Qa5 22. Rc3 Be4 23. Rfc1 Bxf3 24. gxf3 Bxc5 25. dxc5 Rae8 26. Rd3 Qxd2 27. Rxd2 f5 28. Rd4 Ra8 29. Rb4 Ra5 30. Rc2 Kf7 31. Kf1 Ke6 32. Ke2 g5 33. Kd3 Ke5 34. Rc1 h5 35. Rh1 Rh7 36. Kd2 Rxc5 37. Rxa4 Rb5 38. Kc3 Rh8 39. Ra7 c5 40. Kc2 g4 41. f4+ Ke4 42. Rd1 Rd8 43. Rd2 d4 44. Ra4 Rb6 45. b3 Rbd6 46. Rc4 b6 47. b4 cxb4 48. axb4 Kf3 49. Rcxd4 Rxd4 50. exd4 h4 51. gxh4 Kxf4 52. Kd3 Kf3 53. Kc4 f4 54. Kb5 g3 55. fxg3 fxg3 56. Kxb6 g2 57. Rd1 Rxd4 58. Rc1 Rxb4+ 59. Kc5 Rxh4 60. Kd5 Rh1 61. Rc3+ Kf4 62. Rc4+ Kf5 63. Rc8 g1=Q 64. Rf8+ Kg6 65. Rg8+ Kf7 66. Rxg1 Rxg1 67. Ke5 Rg5+ 68. Kf4 Kf6 69. Ke4 Ra5 70. Kf4 Ra4+ 71. Ke3 Kf5 72. Kd3 Ke5 73. Kc3 Rh4 74. Kd3 Rg4 75. Kc3 Kd5 0-1


[Site "https://www.chess.com"]

[Event "Titled Tuesday Blitz August 09 Early 2022"]
[White "Sawyer, Bradley"]
[Black "Madaminov, Mukhiddin"]
[WhiteFideId "2023784"]
[BlackFideId "14210703"]
[WhiteElo "2384"]
[BlackElo "2011"]
[Result "0-1"]
[Round "01"]
[TimeControl "180+1"]
[Date "2022.08.09"]
[WhiteClock "0:00:07"]
[BlackClock "0:00:07"]

1. c4 Nf6 2. g3 g6 3. Bg2 Bg7 4. Nc3 O-O 5. e4 e5 6. Nge2 Nc6 7. d3 d6 8. O-O Be6 9. h3 Nd7 10. Be3 f5 11. b3 f4 12. gxf4 exf4 13. Nxf4 Rxf4 14. Bxf4 Bxc3 15. Rc1 Bd4 16. Be3 Qf6 17. Qd2 Rf8 18. f4 Bxe3+ 19. Qxe3 Qd4 20. Qxd4 Nxd4 21. Rce1 Nc5 22. Re3 a5 23. Kh2 Kg7 24. Rg3 Kh6 25. h4 b6 26. Bh3 Bxh3 27. Kxh3 Ne2 28. Rgf3 Kh5 29. f5 Nd4 30. Rg3 gxf5 31. Rg7 Nde6 32. Rxh7+ Kg6 33. Re7 Kf6 34. Rh7 f4 35. Rh5 Rg8 36. d4 Nxe4 37. d5 Ng3 38. Rh6+ Kf5 39. Rg1 Nd4 40. Rh7 Nf3 41. Rg2 Re8 42. Rf7+ Ke4 43. Rxg3 fxg3 44. Kxg3 Ne5 45. Rxc7 Rg8+ 46. Kf2 Nd3+ 47. Kf1 Rf8+ 48. Kg2 Rf2+ 49. Kg3 Rxa2 50. h5 Ra1 51. Kg2 Nf4+ 52. Kf2 Ra2+ 53. Kg3 Rg2+ 54. Kh4 Kf3 0-1


[Site "https://www.chess.com"]

[Event "Titled Tuesday Blitz August 09 Early 2022"]
[White "Seemann, Jakub"]
[Black "Goldin, Roman"]
[WhiteFideId "21874697"]
[BlackFideId "2803860"]
[WhiteElo "2064"]
[BlackElo "2312"]
[Result "1-0"]
[Round "01"]
[TimeControl "180+1"]
[Date "2022.08.09"]
[WhiteClock "0:00:05"]
[BlackClock "0:00:23"]

1. e4 Nc6 2. Nf3 e5 3. Bb5 a6 4. Ba4 Nf6 5. O-O Be7 6. Re1 d6 7. c3 Bg4 8. h3 Bh5 9. d3 Nd7 10. Nbd2 Nc5 11. Bc2 Ne6 12. Nf1 Bg5 13. Ng3 Bxf3 14. Qxf3 Bxc1 15. Raxc1 O-O 16. Rcd1 Ncd4 17. cxd4 Nxd4 18. Qg4 Nxc2 19. Nf5 g6 20. Re2 Nb4 21. Ne3 Nc6 22. f4 Nd4 23. Rf2 c6 24. f5 Kh8 25. f6 Rg8 26. Kh1 Ne6 27. g3 Qf8 28. Kg2 Qh6 29. Re1 Rae8 30. h4 Qh5 31. Qh3 g5 32. g4 Nf4+ 33. Rxf4 gxf4 34. Kh1 Qh6 35. Nf5 Qxf6 36. g5 Qg6 37. Rg1 Qh5 38. Nxd6 Rd8 39. g6 1-0


[Site "https://www.chess.com"]

[Event "Titled Tuesday Blitz August 09 Early 2022"]
[White "Seliverstov, Vladimir"]
[Black "Musovic, Armin"]
[WhiteFideId "4192036"]
[BlackFideId "939935"]
[WhiteElo "2489"]
[BlackElo "2255"]
[Result "1-0"]
[Round "01"]
[TimeControl "180+1"]
[Date "2022.08.09"]
[WhiteClock "0:00:08"]
[BlackClock "0:00:01"]

1. d4 d5 2. Bf4 c5 3. e3 Nc6 4. Nc3 a6 5. Nf3 Bg4 6. dxc5 e5 7. h3 Bxf3 8. Qxf3 exf4 9. O-O-O Nf6 10. Nxd5 Bxc5 11. Bc4 O-O 12. Qxf4 Nxd5 13. Rxd5 Qb6 14. Rd7 Kh8 15. Rxf7 Rxf7 16. Qxf7 Rf8 17. Qd5 Nb4 18. Qe4 Rxf2 19. Bb3 Qc6 20. Qh4 Qxg2 21. Qd8+ Rf8 22. Qd1 Bxe3+ 23. Kb1 Qd2 24. Qg4 Bh6 25. Rd1 Qf4 26. Qd7 Nc6 27. Qxb7 Nd4 28. Qxa6 Qf3 29. Rg1 Qxh3 30. Qc4 Nxb3 31. axb3 g6 32. b4 Rc8 33. Qe4 Bg7 34. b5 Qf5 35. Qxf5 gxf5 36. Rf1 Rf8 37. c4 Bd4 38. Kc2 f4 39. b4 f3 40. Kd3 Ba7 41. c5 Kg7 42. b6 Bb8 43. c6 h5 44. b5 Rc8 45. Rxf3 Be5 46. Ke4 Re8 47. Kd5 h4 48. c7 Bg3 49. Kc6 Re6+ 50. Kd7 Rd6+ 51. Ke7 Rxb6 52. c8=Q Rxb5 53. Qg4+ Kh6 54. Rf6+ Kh7 55. Qg6+ Kh8 56. Rf8# 1-0


[Site "https://www.chess.com"]

[Event "Titled Tuesday Blitz August 09 Early 2022"]
[White "Senlle Caride, Miguel"]
[Black "Uskov, Artem"]
[WhiteFideId "2282500"]
[BlackFideId "34254854"]
[WhiteElo "2339"]
[BlackElo "2335"]
[Result "0-1"]
[Round "01"]
[TimeControl "180+1"]
[Date "2022.08.09"]
[WhiteClock "0:00:09"]
[BlackClock "0:00:12"]

1. g3 Nf6 2. Bg2 g6 3. Nf3 Bg7 4. O-O O-O 5. c4 d6 6. Nc3 Nc6 7. Rb1 a5 8. a3 Bf5 9. d3 e5 10. b4 axb4 11. axb4 Nd7 12. b5 Nd4 13. Nxd4 exd4 14. Ne4 Rb8 15. Bg5 Qc8 16. Qd2 Re8 17. Bh6 Bh8 18. Ra1 Ne5 19. Bg5 Bxe4 20. Bxe4 Nxc4 21. Qb4 Ne5 22. Rfc1 Qg4 23. Bf4 Qxe2 24. Bxe5 Bxe5 25. b6 c5 26. Qb5 Qg4 27. Bxb7 Rf8 28. Bg2 Qc8 29. b7 Qc7 30. Ra8 Kg7 31. Rca1 Bf6 32. Rxb8 Rxb8 33. Ra8 Be5 34. Rxb8 Qxb8 35. Qc6 d5 36. Qxd5 Qc7 37. Qc4 Bd6 38. Qa6 h5 39. Qa8 h4 40. Qc8 hxg3 41. hxg3 Kf6 42. Qg4 Ke7 43. Qf3 Kf8 44. Qd5 Kg7 45. Qc6 Qxc6 46. Bxc6 Kf6 47. Kg2 Bb8 48. Kf3 Ke5 49. Bb5 f5 50. Bc6 g5 51. Kg2 f4 52. gxf4+ Kxf4 53. f3 Ke3 54. Be4 c4 55. dxc4 d3 56. Bxd3 Kxd3 57. c5 Kd4 58. c6 Ke5 59. Kh3 Kf5 60. Kg2 Kf6 61. Kh3 Kf5 62. Kg2 Kf4 63. Kf2 Ke5 64. Ke3 Kd5 65. f4 gxf4+ 66. Kf3 Kxc6 67. Kg4 Kxb7 68. Kf3 Kc6 69. Kg2 Kd5 70. Kf1 Ke4 71. Kg2 f3+ 72. Kf1 Ke3 73. Ke1 f2+ 74. Kf1 Ba7 75. Kg2 Ke2 76. Kg3 f1=Q 0-1


[Site "https://www.chess.com"]

[Event "Titled Tuesday Blitz August 09 Early 2022"]
[White "Seo, Jung Min"]
[Black "Gheorghiu, Calin"]
[WhiteFideId "1734687"]
[BlackFideId "1200305"]
[WhiteElo "2414"]
[BlackElo "2168"]
[Result "1-0"]
[Round "01"]
[TimeControl "180+1"]
[Date "2022.08.09"]
[WhiteClock "0:00:56"]
[BlackClock "0:00:14"]

1. e4 c5 2. Nf3 d6 3. d4 cxd4 4. Qxd4 a6 5. Be2 Nc6 6. Qe3 g6 7. O-O Bg7 8. Rd1 Nf6 9. h3 Nd7 10. c4 O-O 11. Nc3 b6 12. b3 Bb7 13. Bb2 Rc8 14. Rd2 Nde5 15. Nh2 Qc7 16. Nd5 Qb8 17. Nxb6 Rcd8 18. f4 Nd7 19. Bxg7 Kxg7 20. Nxd7 Rxd7 21. e5 Nd8 22. Rad1 Ne6 23. Bg4 Qa8 24. f5 gxf5 25. Bxf5 Rg8 26. Ng4 Kf8 27. Qh6+ Ke8 28. Bxe6 fxe6 29. exd6 Qa7+ 30. Kh2 Qc5 31. Qxh7 Rxg4 32. hxg4 Qe5+ 33. Kh3 exd6 34. Qg8+ Ke7 35. Rf1 Qe3+ 36. Kh2 Qh6+ 37. Kg1 Qe3+ 38. Rdf2 d5 39. Qf8# 1-0


[Site "https://www.chess.com"]

[Event "Titled Tuesday Blitz August 09 Early 2022"]
[White "Shapiro, Daniel"]
[Black "Bressac, Stephane"]
[WhiteFideId "2001780"]
[BlackFideId "655945"]
[WhiteElo "2247"]
[BlackElo "2339"]
[Result "0-1"]
[Round "01"]
[TimeControl "180+1"]
[Date "2022.08.09"]
[WhiteClock "0:00:09"]
[BlackClock "0:00:57"]

1. d4 d6 2. e4 Nf6 3. Nc3 e5 4. Nf3 Nbd7 5. Be2 Be7 6. O-O O-O 7. Re1 c6 8. a4 Qc7 9. h3 b6 10. Be3 Bb7 11. Qd2 a6 12. Rad1 b5 13. axb5 axb5 14. Bd3 Rfe8 15. Ne2 Bf8 16. g4 exd4 17. Nfxd4 Nxe4 18. Qc1 d5 19. f3 Nef6 20. Nf5 Ne5 21. Kg2 Bc8 22. Neg3 Nxd3 23. Rxd3 Bxf5 24. Nxf5 Re6 25. Bd4 Rae8 26. Rde3 Qd8 27. g5 Nh5 28. h4 g6 29. Ng3 Nxg3 30. Kxg3 c5 31. Bf6 Be7 32. Rxe6 fxe6 33. Be5 Bd6 34. Qe3 Qc7 35. f4 Bxe5 36. Qxe5 Qxe5 37. Rxe5 Kf7 38. h5 Ra8 39. h6 Ra2 40. Re2 Rxb2 41. Kf3 b4 0-1


[Site "https://www.chess.com"]

[Event "Titled Tuesday Blitz August 09 Early 2022"]
[White "Shpanko, Nadiia"]
[Black "Horcajuelo Rocamora, Martin"]
[WhiteFideId "14132400"]
[BlackFideId "24573027"]
[WhiteElo "2139"]
[BlackElo "1882"]
[Result "1-0"]
[Round "01"]
[TimeControl "180+1"]
[Date "2022.08.09"]
[WhiteClock "0:00:30"]
[BlackClock "0:00:16"]

1. c4 e6 2. g3 c5 3. Bg2 Nf6 4. Nc3 Nc6 5. Nf3 Be7 6. O-O O-O 7. d3 d5 8. cxd5 exd5 9. d4 c4 10. b3 Bg4 11. Ne5 Be6 12. bxc4 dxc4 13. Nxc6 bxc6 14. Bxc6 Rc8 15. Bg2 Bb4 16. Bb2 Qa5 17. Qc2 Rfd8 18. Rfd1 Bf5 19. e4 Bg4 20. f3 Be6 21. Kh1 Nh5 22. d5 Bd7 23. e5 Bc5 24. Qd2 Qb6 25. Rab1 Be3 26. Qe2 Nxg3+ 27. hxg3 Qh6+ 28. Bh3 Qxh3+ 29. Qh2 Qxh2+ 30. Kxh2 Bf5 31. Ra1 Rb8 32. Ba3 Bd3 33. Bd6 Rb2+ 34. Kh3 Bd4 35. Ne4 Re8 36. Nc5 Rf2 37. Nxd3 cxd3 38. Rab1 Rxf3 39. Rb3 Rc8 40. Rbxd3 Rc3 41. Rxf3 Rxf3 42. Rxd4 Ra3 43. Bxa3 h5 44. Rc4 1-0


[Site "https://www.chess.com"]

[Event "Titled Tuesday Blitz August 09 Early 2022"]
[White "Shuvalov, Evgenij"]
[Black "Sarana, Alexey"]
[WhiteFideId "4187237"]
[BlackFideId "24133795"]
[WhiteElo "2058"]
[BlackElo "2666"]
[Result "0-1"]
[Round "01"]
[TimeControl "180+1"]
[Date "2022.08.09"]
[WhiteClock "0:01:40"]
[BlackClock "0:02:47"]

1. Nf3 d5 2. c4 d4 3. b4 c5 4. e3 dxe3 5. fxe3 cxb4 6. d4 g6 7. a3 bxa3 8. Nxa3 Bg7 9. Be2 Nf6 10. O-O O-O 11. c5 Nc6 12. Nc4 Be6 13. Qb3 Bd5 14. Bd2 Ne4 15. Be1 e5 16. Qb2 exd4 17. exd4 Nxd4 18. Nxd4 Bxc4 19. Bxc4 Bxd4+ 0-1


[Site "https://www.chess.com"]

[Event "Titled Tuesday Blitz August 09 Early 2022"]
[White "Shuvalova, Polina"]
[Black "Eggleston, Thomas A"]
[WhiteFideId "24171760"]
[BlackFideId "412139"]
[WhiteElo "2330"]
[BlackElo "2155"]
[Result "1-0"]
[Round "01"]
[TimeControl "180+1"]
[Date "2022.08.09"]
[WhiteClock "0:00:13"]
[BlackClock "0:00:07"]

1. Nf3 c6 2. g3 d5 3. Bg2 Bg4 4. c4 Nd7 5. b3 e5 6. d3 Ngf6 7. Bb2 Bd6 8. Nc3 Rc8 9. h3 Bh5 10. g4 Bg6 11. Nh4 d4 12. Nxg6 dxc3 13. Nxh8 cxb2 14. Rb1 Qa5+ 15. Kf1 Qxa2 16. Bf3 Nc5 17. Qc2 Qxb3 18. Qxb3 Nxb3 19. Rxb2 Nc5 20. g5 Nfd7 21. Bg4 b6 22. Kg2 Ke7 23. Nxf7 Kxf7 24. Ra1 Rc7 25. h4 g6 26. Bf3 Ne6 27. e3 Ndc5 28. Rd1 Be7 29. Kf1 a5 30. d4 exd4 31. exd4 Na4 32. Rb3 Bb4 33. Re3 Nc3 34. Rdd3 Nf4 35. Rxc3 Bxc3 36. Rxc3 c5 37. d5 Ke7 38. Re3+ Kd6 39. Re8 Ra7 40. Rb8 a4 41. Rxb6+ Ke7 42. d6+ Kd8 43. Bg4 Ra8 44. d7 a3 45. Rc6 a2 46. Rc8+ Rxc8 47. dxc8=Q+ Ke7 48. Qb7+ Kf8 49. Qa8+ Kf7 50. Qxa2 Nd3 51. Qe2 Nf4 52. Qf3 Kg7 53. Qxf4 h5 54. Qf6+ Kg8 55. Be6+ Kh7 56. Qf7+ Kh8 57. Qg8# 1-0


[Site "https://www.chess.com"]

[Event "Titled Tuesday Blitz August 09 Early 2022"]
[White "Siva Mahadevan"]
[Black "Winterberg, Lukas"]
[WhiteFideId "25043153"]
[BlackFideId "24622702"]
[WhiteElo "2203"]
[BlackElo "2349"]
[Result "1-0"]
[Round "01"]
[TimeControl "180+1"]
[Date "2022.08.09"]
[WhiteClock "0:02:04"]
[BlackClock "0:01:21"]

1. e4 e6 2. d4 d5 3. Nd2 c5 4. exd5 Qxd5 5. dxc5 Bxc5 6. Ngf3 Nf6 7. Bc4 Qc6 8. Qe2 O-O 9. O-O a6 10. a4 b6 11. b3 Bb7 12. Bb2 Nbd7 13. Rad1 Rfe8 14. Rfe1 Rad8 15. Nf1 e5 16. Ne3 h6 17. Nf5 Ng4 18. Rf1 Qg6 19. N3h4 Qg5 20. Bc1 Qh5 21. h3 Ngf6 22. g4 Qxh4 23. Nxh4 Ne4 24. Kh2 Nc3 25. Qd3 Nxd1 26. Rxd1 Bxf2 27. Qf1 Bxh4 28. Qxf7+ Kh8 29. Rxd7 1-0


[Site "https://www.chess.com"]

[Event "Titled Tuesday Blitz August 09 Early 2022"]
[White "Srihari L R"]
[Black "Filippova, Margarita"]
[WhiteFideId "46617116"]
[BlackFideId "34199680"]
[WhiteElo "2170"]
[BlackElo "1734"]
[Result "1-0"]
[Round "01"]
[TimeControl "180+1"]
[Date "2022.08.09"]
[WhiteClock "0:01:31"]
[BlackClock "0:01:15"]

1. e4 e5 2. Nf3 Nc6 3. Bb5 g6 4. c3 a6 5. Ba4 d6 6. d4 Bd7 7. O-O Bg7 8. Bg5 f6 9. Be3 Nh6 10. dxe5 Nxe5 11. Nxe5 dxe5 12. Bb3 Nf7 13. Qd5 O-O 14. Qxb7 Kh8 15. Qd5 Nd6 16. Nd2 f5 17. Bc5 Rf6 18. exf5 gxf5 19. Nf3 Be6 20. Qxe5 Rg6 21. Qe3 Ne4 22. Bd4 Bxd4 23. Qxd4+ Qxd4 24. Nxd4 Bxb3 25. axb3 Nd2 26. Rfd1 Nxb3 27. Nxb3 1-0


[Site "https://www.chess.com"]